cohdb
Replays
Latest Replays
All Replays
Popular Replays
Top Player Replays
Match Explorer
How It Works
Community
CoH3 Stats
Reddit
Sign in to upload your games and track your stats! →
Sign in with Steam
Match 41896443
Unlisted
Match 41896443
Overview
Messages
Build Orders
End
Kettenkrad Recon Vehicle
Construct Infanterie Kompanie
Selects Terror Battlegroup
Selects Machine Gun Camouflage
MG 42 Machine Gun Team
Grenadier Squad
Grenadier Squad
GrW 34 Mortar Team
Infanterie Officer Quarters
Construct Panzergrenadier Kompanie
Selects Contempt for the Weak
Pak 40 Anti-tank Gun Team
Forward Retreat Point
Medical Bunker
Panzergrenadier Squad
Panzergrenadier Squad
Grenadier Squad
Pak 40 Anti-tank Gun Team
Grenadier Squad
Support Elements
Selects Propaganda Leaflet Drop
Selects V1 Rocket Strike
Nebelwerfer 42 Rocket Launcher Team
MG 42 Machine Gun Team
Construct Panzer Kompanie
Propaganda Leaflet Drop
Panzer IV Medium Tank
Selects Defend the Fatherland
Mizule
Leonsa
Bran
Dillbro
0
0
Comments
sign in to comment!
No comments posted yet!